 Dungeon Crawl Stone Soup version 0.28-a0-194-g42b4daccc1 (webtiles) character file.

Game seed: 17955019567094069528

17959 KennyOmg the Fighter (level 12, -4/115 HPs)
             Began as a Minotaur Berserker on Aug 18, 2021.
             Was an Elder of Trog.
             Shot with an arrow by Nessos (9 damage)
             ... on level 13 of the Dungeon.
             The game lasted 00:19:47 (16573 turns).

KennyOmg the Fighter (Minotaur Berserker)          Turns: 16573, Time: 00:19:47

Health: -4/115     AC: 18    Str: 24    XL:     12   Next: 23%
Magic:  20/20      EV:  8    Int:  6    God:    Trog [****..]
Gold:   614        SH:  0    Dex: 11    Spells: 11/11 levels left

rFire   . . .      SeeInvis .   a - +10 halberd of Zuyhaefa {flame, Will+ MP+9}
rCold   . . .      Faith    +   (shield currently unavailable)
rNeg    . . .      Spirit   .   L - +0 plate armour
rPois   .          Reflect  .   (helmet restricted)
rElec   .          Harm     .   K - +1 cloak {Stlth+}
rCorr   .          Rampage  .   e - +0 pair of gloves
Will    +++..                   Q - +2 pair of boots
Stlth   ..........              r - amulet of faith {!P}
HPRegen 1.29/turn               (no ring)
MPRegen 0.17/turn               (no ring)

@: lethally poisoned (-4 -> -18), strong-willed, spiked, regenerating
A: horns 2, retaliatory headbutt
a: Renounce Religion, Berserk, Trog's Hand, Brothers in Arms


You were on level 13 of the Dungeon.
You worshipped Trog.
Trog was greatly pleased with you.
You visited 1 branch of the dungeon, and saw 13 of its levels.
You also visited: Sewer.

You collected 830 gold pieces.
You spent 216 gold pieces at shops.

Inventory:

Hand Weapons
 a - the +10 halberd of Zuyhaefa (weapon) {flame, Will+ MP+9}
   (You bought it in a shop on level 9 of the Dungeon)

   It burns those it strikes, dealing additional fire damage.
   Big, fiery blades are also staple armaments of hydra-hunters.
   MP:        It affects your magic capacity (+9).
   Will:      It increases your willpower.
 o - the +8 mace of Crusades {speed, rElec Int+4 Dex-3 Stlth+}
   (You found it on level 12 of the Dungeon)

   Attacks with this weapon are significantly faster.
   Int:       It affects your intelligence (+4).
   Dex:       It affects your dexterity (-3).
   rElec:     It insulates you from electricity.
   Stlth:     It makes you more stealthy.
 q - a +5 rapier of venom
   (You took it off Eustachio on level 4 of the Dungeon)
Missiles
 n - 20 javelins (quivered)
Armour
 e - a +0 pair of gloves (worn)
   (You found it on level 1 of the Dungeon)
 K - a +1 cloak of stealth (worn)
   (You took it off Maurice on level 10 of the Dungeon)
 L - a +0 plate armour (worn)
   (You took it off an orc knight on level 9 of the Dungeon)
 Q - a +2 pair of boots (worn)
   (You found it on level 11 of the Dungeon)
Jewellery
 r - an amulet of faith (around neck) {!P}
   (You found it on level 1 of the Dungeon)
 R - an amulet of the acrobat
   (You found it on level 12 of the Dungeon)
 S - a ring of ice
   (You found it on level 12 of the Dungeon)
Wands
 d - a wand of iceblast (30)
   (You found it on level 4 of the Dungeon)
 i - a wand of polymorph (5)
   (You found it on level 2 of the Dungeon)
 p - a wand of charming (29)
   (You found it on level 9 of the Dungeon)
 t - a wand of flame (16)
   (You took it off Pikel on level 8 of the Dungeon)
 u - a wand of paralysis (5)
   (You took it off Maurice on level 10 of the Dungeon)
 v - a wand of digging (4)
   (You found it on level 10 of the Dungeon)
 x - a wand of acid (6)
   (You took it off Ijyb on level 5 of the Dungeon)
 G - a wand of mindburst (12)
   (You found it on level 8 of the Dungeon)
Scrolls
 b - 2 scrolls of immolation {unknown}
 f - 11 scrolls of identify {unknown}
 j - 2 scrolls of magic mapping {unknown}
 s - 4 scrolls of amnesia {unknown}
 y - 4 scrolls of teleportation {@r4}
 z - 4 scrolls of holy word {unknown}
 B - 2 scrolls of enchant weapon {unknown}
 C - 2 scrolls of enchant armour {unknown}
 D - 7 scrolls of noise {unknown}
 E - a scroll of acquirement {unknown}
 H - 3 scrolls of fog {unknown}
 I - a scroll of blinking {unknown}
 J - a scroll of vulnerability {unknown}
Potions
 c - 3 potions of heal wounds {unknown}
 g - 5 potions of curing {@q1}
 h - 5 potions of attraction {unknown}
 k - 2 potions of berserk rage {unknown}
 l - 6 potions of flight
 m - 2 potions of might {unknown}
 w - 2 potions of magic {unknown}
 A - 2 potions of brilliance {unknown}
 F - 2 potions of haste {unknown}
 M - 2 potions of ambrosia {unknown}
 N - a potion of invisibility
 O - 4 potions of lignification {unknown}
 P - a potion of mutation {unknown}


   Skills:
 + Level 13.5 Fighting
 - Level 11.8 Short Blades
 - Level 5.9(10.2) Axes
 * Level 12.7(13.2) Polearms
 - Level 4.0 Armour
 - Level 4.0 Dodging
 - Level 3.9 Shields


You had 11 spell levels left.
You didn't know any spells.
Your spell library was empty.

Dungeon Overview and Level Annotations

Branches:
Dungeon (13/15)            Temple (0/1) D:7            Lair (0/6) D:9
    Orc (0/2) D:9           Sewer (visited)
 Vaults: D:13-14

Altars:
Hepliaklqana
Kikubaaqudgha
Makhleb
Nemelex Xobeh
Okawaru
Sif Muna
The Shining One
Beogh

Shops:
D:7 ?*   D:9 *

Annotations:
D:13 Nessos


Innate Abilities, Weirdness & Mutations

You have a pair of horns on your head.
You reflexively headbutt those who attack you in melee.


Message History

The barbs in your skin will harm you if you move.
Continue?
Okay, then.
You puncture the human! You burn the human!
Nessos pounds the earth with their hooves.
Your two-headed ogre hits the human with a +0 giant club!!!
The human dies!
Trog accepts your kill. The scorpion stings your ogre.
Your ogre is poisoned.
The scorpion poisons your ogre!
A human comes into view.
The manticore flicks its tail.
The volley of spikes hits you!
The barbed spikes become lodged in your body.
The orc knight hits you from afar with a +0 halberd!
The human hits your ogre. The human hits you but does no damage.
Your ogre misses the scorpion.
Your ogre hits the scorpion with a +0 giant club!
You slash the human! You burn the human.
You kill the human!
Trog accepts your kill.
Nessos wields a +1 longbow of flaming.
It bursts into flame!
Nessos shoots an arrow.
The arrow closely misses you.
The arrow completely misses your two-headed ogre.
The scorpion stings your ogre.
The orc knight hits you from afar with a +0 halberd!!
* * * LOW HITPOINT WARNING * * *
Your ogre hits the scorpion with a +0 giant spiked club!!!
The scorpion dies!
Trog accepts your kill.
Nessos shoots an arrow.
The arrow hits you!
* * * LOW HITPOINT WARNING * * *
The arrow burns you.
You are poisoned.
* * * LOW HITPOINT WARNING * * *
The human hits your ogre!
Your skin crawls.
You feel strong-willed.
You feel sick.
The manticore flicks its tail.
The volley of spikes hits you.
The barbed spikes become lodged in your body.
* * * LOW HITPOINT WARNING * * *
The orc knight hits you but does no damage.
Your ogre hits the human with a +0 giant spiked club!
Nessos shoots an arrow.
The arrow hits you!!
* * * LOW HITPOINT WARNING * * *
The arrow burns you!
You are lethally poisoned!
You die...

###############
#..............
#..............
#..............
#....$.........
#..............
#....)..(...... #
#....††@..c.... #
#.....OO†H..... #
#####....†.Opo..p..
#
#...#...>...p......
#
#.#.'..............
#
#...#...........p..
#
#...#..............
#
#.#.#..............
#
####...#..........


You could see Nessos (fast), an orc knight, a manticore, 4 humans, a friendly
two-headed ogre (summoned, berserk) and 2 friendly ogres.

Vanquished Creatures
  2 boulder beetles
  A hydra (D:12)
  A two-headed ogre (D:10)
  A skeletal warrior (D:13)
  Pikel (D:8)
  An orc knight (D:9)
  An ugly thing (D:11)
  A manticore (D:11)
  A cyclops (D:13)
  Maurice (D:10)
  An unseen horror (D:13)
  Psyche (D:9)
  A troll (D:10)
  2 hornets
  A meliai zombie (D:10)
  4 slime creatures (D:12)
  A shadow (D:11)
  2 water elementals (D:12)
  11 yaks
  2 humans (D:13)
  Eustachio (D:4)
  2 vampire mosquitoes (D:10)
  Menkaure (D:5)
  A water moccasin (D:7)
  Duvessa (D:5)
  An ice beast (D:6)
  3 black bears
  A sky beast (D:7)
  2 necrophages
  5 orc warriors
  2 ogres
  10 centaurs
  A lemure (D:8)
  2 phantoms (D:5)
  A kobold brigand (D:6)
  A bullfrog (D:8)
  A gnoll sergeant (D:10)
  2 scorpions
  A wyvern skeleton (D:7)
  Dowan (D:5)
  A water moccasin zombie (D:6)
  2 water moccasin skeletons
  2 electric eels (D:12)
  4 howler monkeys
  A lava snake (D:9)
  2 bullfrog zombies (D:5)
  5 centaur zombies
  2 hounds
  Crazy Yiuf (D:3)
  5 orc priests
  3 bullfrog skeletons
  A gnoll shaman (D:7)
  2 centaur skeletons
  3 iguanas
  13 orc wizards
  Ijyb (D:5)
  A merfolk siren (Sewer)
  A merfolk avatar (Sewer)
  A howler monkey zombie (D:9)
  7 adders
  11 gnolls
  A river rat (D:6)
  3 white imps
  A worm (D:6)
  A dart slug (D:2)
  45 orcs
  6 bats
  6 endoplasms
  7 giant cockroaches
  5 goblins
  3 hobgoblins
  6 jackals
  11 kobolds
  4 quokkas
  7 ball pythons
  5 frilled lizards
  32 rats
289 creatures vanquished.

Vanquished Creatures (collateral kills)
  A boulder beetle (D:13)
  A centaur warrior (D:13)
  A two-headed ogre (D:13)
  8 humans (D:13)
  A centaur (D:13)
  A scorpion (shapeshifter) (D:13)
13 creatures vanquished.

Vanquished Creatures (others)
  3 withered plants (D:6)
3 creatures vanquished.

Grand Total: 305 creatures vanquished

Notes
Turn   | Place    | Note
-------+----------+-------------------------------------------
     0 | D:1      | KennyOmg the Minotaur Berserker began the quest for the
                  | Orb.
     0 | D:1      | Reached XP level 1. HP: 19/19 MP: 0/0
   445 | D:1      | Reached XP level 2. HP: 27/27 MP: 1/1
   754 | D:1      | Found a faded altar of an unknown god.
  1207 | D:2      | Reached skill level 4 in Fighting
  1207 | D:2      | Reached XP level 3. HP: 25/33 MP: 2/2
  1380 | D:2      | Reached ** piety under Trog
  1935 | D:3      | Reached XP level 4. HP: 40/40 MP: 3/3
  2447 | D:3      | Found a runed translucent door.
  2448 | D:3      | Noticed Crazy Yiuf
  2459 | D:3      | Killed Crazy Yiuf
  2460 | D:3      | Reached skill level 5 in Axes
  2699 | D:4      | Reached XP level 5. HP: 28/47 MP: 4/4
  2878 | D:4      | Noticed Eustachio
  2886 | D:4      | Killed Eustachio
  2887 | D:4      | Reached XP level 6. HP: 55/55 MP: 5/5
  3295 | D:4      | Reached skill level 5 in Fighting
  3295 | D:4      | Reached skill level 1 in Short Blades
  3812 | D:5      | Entered Level 5 of the Dungeon
  3834 | D:5      | Reached *** piety under Trog
  3873 | D:5      | Reached XP level 7. HP: 60/62 MP: 6/6
  3945 | D:5      | Reached skill level 6 in Fighting
  4028 | D:5      | Reached skill level 5 in Short Blades
  4353 | D:5      | Noticed Ijyb
  4358 | D:5      | Killed Ijyb
  4362 | D:5      | Reached XP level 8. HP: 50/71 MP: 7/7
  4639 | D:5      | Found an iron altar of Okawaru.
  4663 | D:5      | Noticed Dowan
  4663 | D:5      | Noticed Duvessa
  4670 | D:5      | Killed Dowan
  4671 | D:5      | Reached skill level 7 in Fighting
  4678 | D:5      | Killed Duvessa
  4881 | D:5      | Noticed Menkaure
  4921 | D:5      | Killed Menkaure
  5571 | D:6      | Reached skill level 8 in Fighting
  5768 | D:6      | Found a glowing drain.
  5775 | D:6      | Reached **** piety under Trog
  5807 | D:6      | Reached XP level 9. HP: 72/82 MP: 8/8
  5814 | Sewer    | Entered a sewer
  6034 | Sewer    | Reached ***** piety under Trog
  6542 | D:6      | Found an ancient bone altar of Kikubaaqudgha.
  6591 | D:6      | Found a burning altar of Makhleb.
  6597 | D:6      | Found a sparkling altar of Nemelex Xobeh.
  6602 | D:6      | Found a shimmering blue altar of Sif Muna.
  6938 | D:6      | Reached skill level 9 in Fighting
  7026 | D:7      | Found a glowing golden altar of the Shining One.
  7215 | D:7      | Found Ihupseab's Elemental Accessories.
  7303 | D:7      | Reached skill level 10 in Short Blades
  7395 | D:7      | Found Tachaix's Magic Scroll Boutique.
  7823 | D:7      | Found a staircase to the Ecumenical Temple.
  8537 | D:8      | Reached skill level 1 in Shields
  8844 | D:8      | Found a hazy altar of Hepliaklqana.
  9066 | D:8      | Reached skill level 10 in Fighting
  9068 | D:8      | Noticed Pikel
  9083 | D:8      | Killed Pikel
  9084 | D:8      | Reached XP level 10. HP: 66/93 MP: 9/9
  9390 | D:8      | Received a gift from Trog
  9795 | D:9      | Found a runed translucent door.
  9890 | D:9      | Found a staircase to the Orcish Mines.
 10243 | D:9      | Found a staircase to the Lair.
 10264 | D:9      | Noticed Psyche
 10274 | D:9      | Killed Psyche
 10527 | D:9      | Found Aliediog's Assorted Antiques.
 10538 | D:9      | Bought an iridescent halberd for 216 gold pieces
 10538 | D:9      | Identified the +10 halberd of Zuyhaefa {flame, Will+ MP+9}
                  | (You bought it in a shop on level 9 of the Dungeon)
 10703 | D:9      | Noticed an orc knight
 10728 | D:9      | Killed an orc knight
 11093 | D:10     | Entered Level 10 of the Dungeon
 11507 | D:10     | Noticed Maurice
 11790 | D:10     | Killed Maurice
 11791 | D:10     | Reached skill level 11 in Fighting
 12040 | D:10     | Reached skill level 5 in Polearms
 12565 | D:10     | Noticed a two-headed ogre
 12568 | D:10     | Paralysed by a hornet for 3 turns
 12573 | D:10     | Killed a two-headed ogre
 13147 | D:11     | Reached XP level 11. HP: 102/102 MP: 10/10
 13230 | D:11     | Received a gift from Trog
 13685 | D:11     | Noticed a red ugly thing
 13693 | D:11     | Killed a red ugly thing
 13694 | D:11     | Reached skill level 12 in Fighting
 13939 | D:12     | Noticed a seven-headed hydra
 13943 | D:12     | Killed a five-headed hydra
 14161 | D:11     | Reached skill level 10 in Polearms
 14821 | D:12     | Identified the +8 mace of Crusades {speed, rElec Int+4
                  | Dex-3 Stlth+}
 14923 | D:12     | Noticed a boulder beetle
 15180 | D:12     | Killed a boulder beetle
 15584 | D:13     | Noticed a skeletal warrior
 15596 | D:13     | Killed a skeletal warrior
 15597 | D:13     | Reached skill level 13 in Fighting
 15603 | D:13     | Noticed a skeletal warrior
 15605 | D:13     | Noticed a skeletal warrior
 15607 | D:13     | Noticed a skeletal warrior
 15933 | D:13     | Noticed a boulder beetle
 15985 | D:13     | Killed a boulder beetle
 15986 | D:13     | Noticed a centaur warrior
 15990 | D:13     | Reached XP level 12. HP: 29/115 MP: 11/11
 15997 | D:13     | Killed a centaur warrior
 16549 | D:13     | Noticed a two-headed ogre
 16549 | D:13     | Noticed a boulder beetle
 16557 | D:13     | Killed a boulder beetle
 16562 | D:13     | Killed a two-headed ogre
 16565 | D:13     | Noticed Nessos
 16573 | D:13     | HP: 5/115 [Nessos/arrow (19)]
 16573 | D:13     | Shot with an arrow by Nessos

Illustrated notes

Levels and vault maps discovered:
D:1:      eino_arrival_water_cross, layout_basic,
          shapermc_ecumenical_altar_mp_highgroup
D:2:      layout_rooms, grunt_decor_resistance, chequers_decorated_corner
D:3:      layout_basic, chequers_serial_rivers_large_b, uniq_crazy_yiuf_cottage
D:4:      layout_gridville, serial_rivers, chequers_serial_rivers_large_a,
          chequers_serial_rivers_room_a, chequers_serial_rivers_micro_e,
          chequers_serial_rivers_room_b, minmay_misc_feat_pillars,
          chequers_serial_rivers_room_b, uniq_eustachio
D:5:      layout_loops_ring, okawaru_gym_becter, uniq_menkaure, uniq_duvessa,
          uniq_ijyb
D:6:      layout_basic, kiku_gazebo_garden_becter,
          minmay_overflow_temple_star_quad, portal_sewer_entry_a
D:7:      layout_basic, mainiacjoe_overflow_cross_hatched,
          minmay_temple_entry_from_below_b, serial_shops, shop_scrolls,
          nicolae_elemental_shop, kennysheep_generic_room_10
D:8:      layout_loops_ring, nicolae_hepliaklqana_hippocampus,
          hangedman_decor_diamond_cutter, uniq_pikel
D:9:      layout_roguey, lair_entry_dummy, orc_0_dummy, serial_shops,
          nicolae_shop_overgrown_old_shop, kennysheep_small_spiral,
          lightli_church_of_beogh, uniq_psyche
D:10:     layout_gridville, st_stairs_3, hellmonk_bongcloud_opening,
          palyth_stone_intersect, uniq_maurice
D:11:     layout_roguey
D:12:     layout_big_octagon
D:13:     layout_stronghold, david_vaults_3, drop_trap

Skill      XL: |  1  2  3  4  5  6  7  8  9 10 11 12 |
---------------+-------------------------------------+-----
Axes           | 4 5 |  5.9
Fighting       | 4 5 6 8 10 11 13 | 13.5
Armour         | 3 4 |  4.0
Dodging        | 3 4 |  4.0
Short Blades   | 3 6 8 11 | 11.8
Shields        | 3 |  3.9
Polearms       | 7 11 12 | 12.7

Action                   |  1- 3 |  4- 6 |  7- 9 | 10-12 || total
-------------------------+-------+-------+-------+-------++-------
Melee: Hand axe          |    60 |    26 |       |       ||    86
       Headbutt          |    11 |     8 |    61 |    36 ||   116
       Rapier            |       |    32 |   335 |    67 ||   434
       Halberd           |       |       |       |   214 ||   214
Invok: Berserk           |       |     2 |     5 |     7 ||    14
       Trog's Hand       |       |       |     3 |     1 ||     4
       Brothers in Arms  |       |       |       |     5 ||     5
  Use: Scroll            |       |       |       |     1 ||     1
       Potion            |       |       |       |     1 ||     1
Armor: Animal skin       |    15 |       |       |       ||    15
       Ring mail         |       |    27 |   134 |    23 ||   184
       Plate armour      |       |       |       |   131 ||   131
Dodge: Dodged            |    37 |    28 |   138 |    94 ||   297
Block: Buckler           |       |       |     6 |     6 ||    12

Table legend: (Time is in decaauts)
 A = Elapsed time spent in this place.
 B = Non-inter-level travel time spent in this place.
 C = Inter-level travel time spent in this place.
 D = Time resting spent in this place.
 E = Time spent auto-exploring this place.
 F = Levels seen in this place.
 G = Mean time per level.
                   A        B        C        D        E       F      G
               +--------+--------+--------+--------+--------+-----+--------+
         Total |  16790 |  16053 |    737 |   5135 |   8838 |  14 | 1199.3 |
       Dungeon |  16296 |  15559 |    737 |   5135 |   8544 |  13 | 1253.5 |
         Sewer |    493 |    493 |      0 |      0 |    294 |   1 |  493.0 |
               +--------+--------+--------+--------+--------+-----+--------+

Top non-repeatable levels by time:
    D:10: 2034 daAuts
     D:5: 1759 daAuts
    D:11: 1618 daAuts
     D:7: 1528 daAuts
     D:9: 1367 daAuts
     D:8: 1168 daAuts
     D:3: 1154 daAuts
     D:4: 1151 daAuts
    D:13: 1139 daAuts
     D:1: 978 daAuts
     D:6: 972 daAuts
    D:12: 758 daAuts
     D:2: 666 daAuts
   Sewer: 493 daAuts
